 Dungeon Crawl Stone Soup version 0.22-a0-32-ga749362 (webtiles) character file.

43291 Gorglomux the Protected (level 13, -1/124 HPs)
             Began as a Deep Dwarf Fighter on Jan 3, 2018.
             Was a High Priest of Makhleb.
             Slain by an entropy weaver (4 damage)
             ... on level 2 of the Spider Nest.
             The game lasted 00:13:54 (10282 turns).

Gorglomux the Protected (Deep Dwarf Fighter)       Turns: 10282, Time: 00:13:56

Health: -1/124     AC:  4    Str: 25    XL:     13   Next: 90%
Magic:  8/8        EV:  9    Int:  9    God:    Makhleb [*****.]
Gold:   972        SH: 20    Dex: 12    Spells: 12/12 levels left

rFire    . . .     SeeInvis .   a - +0 war axe (elec)
rCold    . . .     Gourm    .   F - +1 large shield
rNeg     . . .     Faith    .   M - +0 scale mail
rPois    .         Spirit   .   X - +2 helmet
rElec    .         Reflect  .   B - +2 cloak
rCorr    .         Harm     .   (no gloves)
MR       +....                  (no boots)
Stlth    ..........             (no amulet)
HPRegen  0.00/turn              H - +2 ring of evasion
MPRegen  0.11/turn              y - +3 ring of slaying

@: corroded, non-regenerating
A: damage resistance, heal wounds, sense surroundings 2, no regeneration
a: Heal Wounds, Minor Destruction, Lesser Servant of Makhleb, Major Destruction,
Greater Servant of Makhleb, Renounce Religion


You were on level 2 of the Spider Nest.
You worshipped Makhleb.
Makhleb was extremely pleased with you.
You were not hungry.

You visited 3 branches of the dungeon, and saw 19 of its levels.

You collected 972 gold pieces.

Inventory:

Hand Weapons
 a - a +0 war axe of electrocution (weapon)
 b - a +3 scimitar of flaming
Missiles
 Z - 5 throwing nets (quivered)
Armour
 c - a +0 shield
 B - a +2 cloak (worn)
 F - a +1 large shield (worn)
 M - a +0 scale mail (worn)
 X - a +2 helmet (worn)
Jewellery
 y - a +3 ring of slaying (right hand)
 H - a +2 ring of evasion (left hand)
Wands
 A - a wand of acid (12)
 D - a wand of digging (8)
 I - a wand of iceblast (29)
 P - a wand of paralysis (15)
 S - a wand of scattershot (10)
Scrolls
 i - a scroll of fear
 j - 2 scrolls of enchant weapon
 k - 2 scrolls of immolation
 u - 2 scrolls of remove curse
 R - 8 scrolls of identify
 T - 12 scrolls of teleportation
Potions
 n - 2 potions of mutation
 p - a potion of invisibility {unknown}
 w - a potion of agility {unknown}
 z - 2 potions of lignification
 G - 2 potions of heal wounds
 J - a potion of haste
 N - 4 potions of might
 O - 2 potions of cancellation
 Q - 3 potions of curing
 W - a potion of ambrosia
Books
 L - a book of Geomancy

   Spells                             Type                      Level
   a - Sandblast                      Earth                        1
   b - Passwall                       Transmutation/Earth          2
   c - Stone Arrow                    Conjuration/Earth            3
   d - Petrify                        Transmutation/Earth          4
   e - Lee's Rapid Deconstruction     Earth                        5
 U - a book of Party Tricks

   Spells                             Type                      Level
   a - Summon Butterflies             Summoning                    1
   b - Apportation                    Translocation                1
   c - Lesser Beckoning               Translocation                3
   d - Tukima's Dance                 Hexes                        3
   e - Alistair's Intoxication        Transmutation/Poison         5
   f - Invisibility                   Hexes                        6
Miscellaneous
 V - 3 phantom mirrors
 Y - a lamp of fire
Comestibles
 f - 29 rations
 K - 11 chunks of flesh


   Skills:
 + Level 10.7 Fighting
 + Level 12.3 Axes
 + Level 12.5 Armour
 + Level 12.5 Shields
 + Level 12.4 Invocations


You had 12 spell levels left.
You didn't know any spells.

Dungeon Overview and Level Annotations

Branches:
Dungeon (15/15)            Temple (0/1) D:7            Lair (2/6) D:10
 Spider (2/4) Lair:2          Orc (0/2) D:10         Vaults (0/5) D:13
 Depths (0/5) D:15
  Swamp: Lair:2-4    Shoals: Lair:2-4

Altars:
Hepliaklqana
Makhleb
Nemelex Xobeh
Ru
Sif Muna
Vehumet
Xom
Zin

Shops:
D:9 *

Annotations:
D:3 gmonis's ghost, amateur MiBe


Innate Abilities, Weirdness & Mutations

You are resistant to damage.
You can heal yourself by infusing magical energy.
You passively map the area around you.
You do not regenerate.


Message History

The redback bites you but does no damage!
The entropy weaver hits you but does no butt!
The entropy weaver hits you!!! * * * don't die
* * * The entropy weaver hits you!!! * * * don't die
* * * The butt weaver hits you! * * * don't die
* * * You're too confused!!!
Throwing (i - inventory):
Z - 5 throwing nets (quivered)
Press: ? - help, Shift-Dir - straight line, f - butt
Aim: a butt (lightly wounded, clinging)
Okay, then!
You feel better!
You feel less butt! You block the redback's attack!
You block the entropy weaver's attack!
The entropy weaver hits you!!! * * * don't die
* * * The entropy weaver hits you!!! * * * don't die
* * * The entropy weaver hits butt! rip

, * , *,, ,**
* * * ,, # *,
##. # , * #..#
* .## ,*,
#...####..#**
*#..@s#...#*#.
###.a.### ...
,* ###†..#^...
* #s....# *
##..#.## *
****#..## # **
, ,#s.# ,...##
* ###.* *


You could see an entropy weaver, an orb spider and a redback.

Vanquished Creatures
  Kirke (D:14)
  An ogre mage (D:13)
  2 hydras
  Fannar (D:12)
  2 centaur warriors
  Erica (D:8)
  7 two-headed ogres
  A tengu warrior (D:14)
  5 skeletal warriors
  An unseen horror (D:12)
  A glowing orange brain (D:15)
  Pikel (D:8)
  A wolf spider zombie (D:11)
  An orc knight (D:13)
  2 wolf spiders (Spider:1)
  2 ugly things
  4 cyclopes
  A black mamba (Lair:1)
  A gargoyle (D:14)
  A kobold demonologist (D:14)
  3 yaktaurs (D:15)
  A rime drake (Lair:1)
  A freezing wraith (D:15)
  A komodo dragon (Lair:1)
  4 trolls
  A jumping spider (Spider:1)
  3 hornets
  4 hippogriffs
  3 redbacks
  2 tarantellas (Spider:1)
  2 wraiths
  A vampire (D:12)
  A basilisk (D:11)
  A spriggan (D:7)
  26 yaks
  6 hogs (D:14)
  Grum (D:11)
  A hungry ghost (D:9)
  Edmund (D:8)
  An acid dragon (D:14)
  4 water moccasins
  A porcupine (Lair:2)
  3 ice beasts
  10 orc warriors
  An eye of draining (D:14)
  6 sky beasts
  3 black bears
  A phantom (D:8)
  3 wolves (D:11)
  11 ogres
  A boggart (D:13)
  14 centaurs
  2 big kobolds (D:13)
  7 bullfrogs
  2 gnoll sergeants
  A water moccasin zombie (D:9)
  2 scorpions
  6 killer bees (D:13)
  7 wights
  7 howler monkeys
  2 centaur zombies
  5 crimson imps
  3 jellies
  A quasit (D:6)
  3 hounds
  2 bullfrog zombies
  7 orc priests
  20 orc wizards
  3 bullfrog skeletons
  7 centaur skeletons
  A gnoll shaman (D:5)
  2 iguanas
  11 worker ants
  A hound skeleton (D:4)
  A worker ant zombie (D:5)
  17 gnolls
  A howler monkey skeleton (D:4)
  8 adders
  5 shadow imps
  An ooze (D:3)
  A worm (D:5)
  3 leopard geckos
  54 orcs
  7 bats
  A giant cockroach (D:6)
  3 goblins
  7 hobgoblins
  11 jackals
  5 kobolds
  2 quokkas
  4 frilled lizards
  A jackal skeleton (D:5)
  5 rats
398 creatures vanquished.

Vanquished Creatures (collateral kills)
  The ghost of Gorglomux the Blocker, a journeyman DDFi of Makhleb (D:13)
  A hydra (D:11)
  A centaur warrior (D:15)
  A two-headed ogre (D:15)
  A gargoyle (D:11)
  A yaktaur (D:15)
  2 jumping spiders (Lair:2)
  A shadow (D:15)
  2 redbacks (Lair:2)
  A water moccasin (D:12)
  A bullfrog (D:15)
  A crimson imp (D:15)
  An orc (D:11)
15 creatures vanquished.

Vanquished Creatures (others)
  A crimson imp (D:8)
  A jackal (D:8)
  A rat (D:3)
3 creatures vanquished.

Grand Total: 416 creatures vanquished

Notes
Turn   | Place    | Note
-------+----------+-------------------------------------------
     0 | D:1      | Gorglomux the Deep Dwarf Fighter began the quest for the Orb.
     0 | D:1      | Reached XP level 1. HP: 20/20 MP: 1/1
   103 | D:1      | Reached XP level 2. HP: 27/27 MP: 2/2
   258 | D:2      | Reached skill level 3 in Fighting
   375 | D:2      | Reached XP level 3. HP: 27/34 MP: 3/3
   510 | D:3      | Noticed gmonis's ghost (amateur MiBe)
   588 | D:3      | Reached skill level 3 in Axes
   631 | D:4      | Reached XP level 4. HP: 31/42 MP: 3/3
   653 | D:4      | Reached XP level 5. HP: 11/49 MP: 4/4
   881 | D:4      | Reached XP level 6. HP: 30/57 MP: 5/5
   902 | D:4      | Found a radiant altar of Vehumet.
  1329 | D:5      | Entered Level 5 of the Dungeon
  1351 | D:5      | Reached XP level 7. HP: 34/64 MP: 6/6
  1554 | D:5      | Found a burning altar of Makhleb.
  1583 | D:5      | Became a worshipper of Makhleb the Destroyer
  1607 | D:5      | Reached skill level 6 in Armour
  1626 | D:5      | Reached skill level 6 in Shields
  1626 | D:5      | Reached XP level 8. HP: 36/74 MP: 5/5
  1910 | D:6      | Reached skill level 6 in Axes
  2085 | D:6      | Reached * piety under Makhleb
  2415 | D:6      | Reached skill level 1 in Invocations
  2492 | D:6      | Found a deep blue altar of Sif Muna.
  2492 | D:6      | Found a sparkling altar of Nemelex Xobeh.
  2727 | D:7      | Gained mutation: You passively map the area around you. [Deep Dwarf growth]
  2727 | D:7      | Reached XP level 9. HP: 39/82 MP: 3/5
  2788 | D:7      | Found a staircase to the Ecumenical Temple.
  2920 | D:7      | Reached skill level 6 in Fighting
  3249 | D:7      | Found a hazy altar of Hepliaklqana.
  3301 | D:7      | Reached skill level 3 in Invocations
  3443 | D:8      | Noticed Erica
  3469 | D:8      | Killed Erica
  3469 | D:8      | Reached ** piety under Makhleb
  3476 | D:8      | Noticed Edmund
  3486 | D:8      | Killed Edmund
  3544 | D:8      | Reached XP level 10. HP: 59/92 MP: 8/8
  3691 | D:8      | Noticed Pikel
  3709 | D:8      | Killed Pikel
  4254 | D:9      | Found a glowing silver altar of Zin.
  4254 | D:9      | Found Zin's Purification Station.
  4272 | D:9      | Reached skill level 6 in Invocations
  4664 | D:10     | Entered Level 10 of the Dungeon
  4665 | D:10     | Found a staircase to the Lair.
  4681 | D:10     | Noticed a two-headed ogre
  4695 | D:10     | Killed a two-headed ogre
  4695 | D:10     | Reached skill level 9 in Armour
  4695 | D:10     | Reached skill level 9 in Shields
  4752 | D:10     | Reached *** piety under Makhleb
  5030 | D:10     | Reached skill level 9 in Axes
  5042 | D:10     | Reached XP level 11. HP: 53/103 MP: 8/8
  5280 | D:10     | Found a burning altar of Makhleb.
  5406 | D:10     | Found a staircase to the Orcish Mines.
  5586 | D:11     | Noticed a white ugly thing
  5607 | D:11     | Killed a white ugly thing
  5689 | D:11     | Noticed a two-headed ogre
  5702 | D:11     | Killed a two-headed ogre
  5814 | D:11     | Noticed Grum
  5832 | D:11     | Killed Grum
  6009 | D:11     | Noticed a five-headed hydra
  6021 | D:11     | Noticed a two-headed ogre
  6037 | D:11     | Killed a two-headed ogre
  6037 | D:11     | Killed a five-headed hydra
  6040 | D:11     | Noticed a two-headed ogre
  6051 | D:11     | Killed a two-headed ogre
  6099 | D:11     | Reached **** piety under Makhleb
  6099 | D:11     | Reached skill level 9 in Invocations
  6186 | D:11     | Noticed a seven-headed hydra
  6189 | D:11     | Found a sacrificial altar of Ru.
  6212 | D:11     | Killed a seven-headed hydra
  6465 | D:12     | Noticed Fannar
  6479 | D:12     | Killed Fannar
  6550 | D:12     | Noticed a two-headed ogre
  6559 | D:12     | Killed a two-headed ogre
  6559 | D:12     | Reached skill level 9 in Fighting
  6559 | D:12     | Reached XP level 12. HP: 73/114 MP: 6/6
  7086 | D:13     | Noticed a centaur warrior
  7106 | D:13     | Killed a centaur warrior
  7205 | D:13     | Noticed an ogre mage
  7215 | D:13     | Killed an ogre mage
  7244 | D:13     | Reached ***** piety under Makhleb
  7391 | D:13     | Noticed Gorglomux's ghost (journeyman DDFi)
  7412 | D:13     | Killed Gorglomux's ghost
  7588 | D:13     | Found a shimmering altar of Xom.
  7710 | D:13     | Found a gate to the Vaults.
  7879 | D:14     | Noticed a two-headed ogre
  7895 | D:14     | Killed a two-headed ogre
  7997 | D:14     | Noticed a tengu warrior
  8007 | D:14     | Killed a tengu warrior
  8007 | D:14     | Reached XP level 13. HP: 111/123 MP: 2/7
  8045 | D:14     | Paralysed by a hornet for 3 turns
  8196 | D:14     | Noticed Kirke
  8207 | D:14     | Noticed a sphinx
  8213 | D:14     | Noticed a sphinx
  8216 | D:14     | Killed Kirke
  8645 | D:15     | Entered Level 15 of the Dungeon
  8713 | D:15     | Reached skill level 12 in Armour
  8757 | D:15     | Reached skill level 12 in Shields
  8853 | D:15     | Reached skill level 12 in Axes
  8872 | D:15     | Reached skill level 12 in Invocations
  9122 | D:15     | Found a staircase to the Depths.
  9122 | D:15     | Noticed a fire giant
  9273 | Lair:1   | Entered Level 1 of the Lair of Beasts
 10152 | Lair:2   | Found a hole to the Spider Nest.
 10183 | Spider:1 | Entered Level 1 of the Spider Nest
 10254 | Spider:2 | Noticed an entropy weaver
 10282 | Spider:2 | HP: 3/124 [entropy weaver (8)]
 10282 | Spider:2 | Slain by an entropy weaver

Vault maps used:
D:1:      tarquinn_simple_flora_water_a, kennysheep_nondescript
D:3:      overflow_temple_1_default, first_ration, lemuel_flame_loot_1
D:4:      minmay_tree_intersection, vehumet_altar_wand_db
D:5:      overflow_temple_1_default
D:6:      gammafunk_temple_overflow_wave, kennysheep_decorative_pillar,
          serial_bayou_pond_d, uniq_edmund
D:7:      overflow_temple_1_default, temple_pool_b, the_bakery
D:8:      grunt_ministairs_12, uniq_erica, uniq_pikel
D:9:      zin_purify
D:10:     lair_entry_dummy, orc_0_dummy, bloody_makhleb
D:11:     nicolae_ru_awakened_eye, uniq_grum
D:12:     kennysheep_generic_room_9, uniq_fannar
D:13:     hangedman_vaults_entry_quadrant_bands, basic_altar
D:14:     corexii_corridor_pit, uniq_kirke
D:15:     grunt_enter_depths_giant_problem, nemelex_xobeh_ov_fountains_minmay
Lair:1:   serial_forest, infiniplex_forest_clump_large,
          infiniplex_forest_clump_medium, infiniplex_forest_end_2,
          infiniplex_forest_end_2
Lair:2:   swamp_mist, spider_nest_entry_funnel_web, uniq_nergalle
Spider:1: nicolae_spider_mines_1, hangedman_spider_mandibles, hive_lemuel,
          uniq_nikola, uniq_donald
Spider:2: uniq_frances

Skill      XL: |  1  2  3  4  5  6  7  8  9 10 11 12 13 |
---------------+----------------------------------------+-----
Fighting       | 3 4 5 6 7 9 10 | 10.7
Axes           | 3 4 5 6 7 9 10 11 12 | 12.3
Armour         | 4 5 6 7 8 9 10 11 12 | 12.5
Shields        | 4 5 6 7 8 9 10 11 12 | 12.5
Invocations    | 1 5 7 9 11 12 | 12.4

Action                   |  1- 3 |  4- 6 |  7- 9 | 10-12 | 13-15 || total
-------------------------+-------+-------+-------+-------+-------++-------
Melee: War axe           |   121 |   110 |   289 |   794 |   292 ||  1606
       Scimitar          |       |       |       |       |    10 ||    10
Invok: Lesser Servant of |       |       |       |     6 |     1 ||     7
       Greater Servant o |       |       |       |       |     1 ||     1
 Abil: Heal Wounds       |     2 |     3 |    26 |    28 |    11 ||    70
Evoke: Wand              |       |       |     1 |     3 |       ||     4
       Lamp of fire      |       |       |       |     1 |       ||     1
  Use: Scroll            |       |       |     6 |    12 |     7 ||    25
       Potion            |       |       |       |     2 |     8 ||    10
 Stab: Distracted        |       |       |       |     1 |     1 ||     2
  Eat: Chunk             |       |     2 |     8 |    10 |     8 ||    28
       Ration            |       |       |       |     3 |       ||     3
Armor: Scale mail        |    77 |    56 |   113 |   342 |   138 ||   726
Dodge: Dodged            |    51 |    28 |   125 |   187 |   122 ||   513
Block: Shield            |    86 |    53 |   195 |    75 |       ||   409
       Large shield      |       |       |       |   735 |   380 ||  1115

Table legend:
 A = Spawn XP
 B = Non-spawn XP
 C = Spawn XP percentage of total XP
 D = Spawn monster count
 E = Non-spawn monster count
 F = Spawn count percentage of total count
 G = Total turns spent on level
                    A         B        C        D         E        F      G
               +---------+---------+-------+---------+---------+-------+---------
         Total |       0 |   61845 |   0.0 |       0 |     413 |   0.0 | 10282
               +---------+---------+-------+---------+---------+-------+---------
           D:1 |       0 |      18 |   0.0 |       0 |      10 |   0.0 |   192
           D:2 |       0 |      41 |   0.0 |       0 |      17 |   0.0 |   271
           D:3 |       0 |      27 |   0.0 |       0 |       7 |   0.0 |   159
           D:4 |       0 |     581 |   0.0 |       0 |      31 |   0.0 |   707
           D:5 |       0 |    1055 |   0.0 |       0 |      26 |   0.0 |   556
           D:6 |       0 |     916 |   0.0 |       0 |      27 |   0.0 |   737
           D:7 |       0 |    1049 |   0.0 |       0 |      14 |   0.0 |   768
           D:8 |       0 |    3286 |   0.0 |       0 |      39 |   0.0 |   786
           D:9 |       0 |     941 |   0.0 |       0 |      14 |   0.0 |   488
          D:10 |       0 |    3978 |   0.0 |       0 |      20 |   0.0 |   960
          D:11 |       0 |    8979 |   0.0 |       0 |      45 |   0.0 |   884
          D:12 |       0 |    3732 |   0.0 |       0 |      12 |   0.0 |   640
          D:13 |       0 |    9865 |   0.0 |       0 |      49 |   0.0 |   723
          D:14 |       0 |   11130 |   0.0 |       0 |      50 |   0.0 |   868
          D:15 |       0 |    9768 |   0.0 |       0 |      26 |   0.0 |   534
        Lair:1 |       0 |    1958 |   0.0 |       0 |       7 |   0.0 |   707
        Lair:2 |       0 |    2245 |   0.0 |       0 |      12 |   0.0 |   203
      Spider:1 |       0 |    1840 |   0.0 |       0 |       5 |   0.0 |    69
      Spider:2 |       0 |     436 |   0.0 |       0 |       2 |   0.0 |    30
               +---------+---------+-------+---------+---------+-------+---------
